Map: Traitor's Exile

Players

SergoF

  • Race: Terran Terran
  • Spawn Location: 9:00

XlovejianiX

  • Race: Protoss Protoss
  • League: Platinum
  • Spawn Location: 12:00

Cacho

  • Race: Protoss Protoss
  • League: Platinum
  • Spawn Location: 6:00

ILIEKEGGPIE

  • Race: Protoss Protoss
  • League: Platinum
  • Spawn Location: 5:00

VOD

Have the link to the VOD?

Description

Time

  • Played on: June 7, 2018, 12:18 p.m.
  • Length: 2:51
Show
View Real Time Build Order
Export as new Build Order

SergoF Terran 

Build Orders:  

Get SALT Encoding   

  12  0:02  SCV  
  13  0:15  Supply Depot  
  13  0:19  SCV  
  14  0:31  SCV  
  15  0:38  Barracks  
  15  0:43  SCV  
  15  0:48  Refinery  
  16  0:55  SCV  
  17  0:59  Refinery  
  17  1:07  SCV  
  18  1:19  SCV  
  18  1:24  Barracks  
  19  1:31  SCV  
  20  1:38  Barracks Reactor  
  20  1:41  Supply Depot  
  20  1:43  SCV  
  21  1:55  SCV  
  22  2:06  Supply Depot  
  22  2:09  Orbital Command  
  22  2:12  Reaper  
  22  2:15  Reaper  
  24  2:16  Reaper  
  25  2:34  SCV  
  26  2:41  Factory  
  26  2:47  Engineering Bay  
  26  2:48  Barracks Tech Lab  
Show
View Real Time Build Order
Export as new Build Order

XlovejianiX Protoss 

Build Orders: Cannon Rush 

Get SALT Encoding   

  1  0:00  Probe  
  13  0:07  Probe  
  14  0:19  Pylon  
  14  0:28  Probe  
  15  0:39  Forge  
  15  0:48  Pylon  
  15  0:54  Probe  
  16  1:06  Probe  
  17  1:13  Photon Cannon  
  17  1:23  Photon Cannon  
  17  1:36  Pylon  
  17  1:59  Photon Cannon  
  17  2:05  Pylon  
  17  2:24  Photon Cannon  
  17  2:27  Photon Cannon  
  17  2:39  Pylon  
Show
View Real Time Build Order
Export as new Build Order

Cacho Protoss 

Build Orders:  

Get SALT Encoding   

  12  0:09  Pylon  
  13  0:20  Assimilator  
  12  0:31  Gateway  
  12  0:38  Assimilator  
  12  0:41  Probe  
  12  0:49  Probe  
  14  0:58  Probe  
  15  1:09  Probe  
  16  1:19  Cybernetics Core  
  16  1:26  Probe  
  17  1:34  Probe  
  18  1:44  Pylon  
  18  1:58  Stargate  
  18  2:13  Stargate  
  18  2:18  Probe  
Show
View Real Time Build Order
Export as new Build Order

ILIEKEGGPIE Protoss 

Build Orders:  

Get SALT Encoding   

  12  0:01  Probe  
  13  0:13  Probe  
  14  0:18  Pylon  
  14  0:26  Probe  
  15  0:34  Probe  
  15  0:40  Gateway  
  15  0:42  Probe  
  16  0:47  Assimilator  
  17  0:54  Probe  
  18  1:00  Assimilator  
  18  1:06  Probe  
  19  1:16  Probe  
  19  1:21  Pylon  
  19  1:25  Probe  
  20  1:31  Cybernetics Core  
  17  1:59  Stalker  
  19  2:16  Forge  
  17  2:42  Cybernetics Core  
Tags
 
Add a new tag
Caveats
  • Supply blocks, unpowered buildings, or Contaminate may cause inaccurate times.
  • Supply counts are checked every 10 seconds.